 Dungeon Crawl Stone Soup version 0.24.0-125-gc4c63601f3 (webtiles) character file.

Game seed: 13462656468973769374, levelgen mode: deterministic

2567 Jynx the Basher (level 9, -2/70 HPs)
             Began as a Minotaur Fighter on Feb 17, 2020.
             Was a Follower of Okawaru.
             Slain by an orc warrior
             ... wielding a +0 flail
              (20 damage)
             ... on level 7 of the Dungeon.
             The game lasted 00:10:39 (7661 turns).

Jynx the Basher (Minotaur Fighter)                  Turns: 7661, Time: 00:10:39

Health: -2/70      AC: 10    Str: 22    XL:     9   Next: 31%
Magic:  8/8        EV:  8    Int:  5    God:    Okawaru [*.....]
Gold:   314        SH: 10    Dex: 12    Spells: 8/8 levels left

rFire    . . .     SeeInvis .   a - +0 flail
rCold    . . .     Gourm    .   c - +0 shield
rNeg     . . .     Faith    .   b - +2 scale mail
rPois    +         Spirit   .   (helmet restricted)
rElec    .         Reflect  .   y - +0 cloak of Teogiss {rPois} (curse)
rCorr    .         Harm     .   (no gloves)
MR       .....                  (no boots)
Stlth    ..........             (no amulet)
HPRegen  0.21/turn              x - ring of flight
MPRegen  0.11/turn              (no ring)

@: no status effects
A: retaliatory headbutt, horns 2
a: Heroism, Renounce Religion, Evoke Flight


You were on level 7 of the Dungeon.
You worshipped Okawaru.
Okawaru was aware of your devotion.
You were not hungry.

You visited 2 branches of the dungeon, and saw 8 of its levels.

You collected 314 gold pieces.

Inventory:

Hand Weapons
 a - a +0 flail (weapon)
 o - a +0 morningstar
Armour
 b - a +2 scale mail (worn)
 c - a +0 shield (worn)
 e - a scarf of resistance
 y - the cursed +0 cloak of Teogiss (worn) {rPois}
   (You found it on level 6 of the Dungeon)

   It protects you from poison.
   It has a curse placed upon it.
Jewellery
 x - a ring of flight (left hand)
Wands
 d - a wand of disintegration (14)
 n - a wand of paralysis (29)
 A - a wand of digging (5)
Scrolls
 g - 2 scrolls of teleportation
 h - 5 scrolls of remove curse
 p - 2 scrolls of amnesia
 t - 2 scrolls of immolation {unknown}
Potions
 i - 2 potions of resistance
 j - 3 potions of mutation
 k - a potion of curing
 l - a potion of haste {unknown}
 m - 2 potions of flight {unknown}
 q - 2 potions of heal wounds
 r - a potion of berserk rage {unknown}
 s - a potion of cancellation {unknown}
 u - a potion of degeneration {unknown}
 v - 2 potions of brilliance {unknown}
 w - a potion of ambrosia {unknown}
 B - a potion of magic {unknown}
Comestibles
 f - 11 rations
 z - 2 chunks of flesh


   Skills:
 - Level 3.6 Fighting
 * Level 13.9 Maces & Flails
 - Level 3.6 Armour
 + Level 6.0 Shields


You had 8 spell levels left.
You didn't know any spells.
Your spell library was empty.

Dungeon Overview and Level Annotations

Branches:
Dungeon (7/15)             Temple (1/1) D:6

Altars:
Ashenzari
Cheibriados
Dithmenos
Elyvilon
Fedhas
Gozag
Hepliaklqana
Kikubaaqudgha
Makhleb
Nemelex Xobeh
Okawaru
Qazlal
Ru
Sif Muna
Trog
Uskayaw
Vehumet
Wu Jian
Xom
Yredelemnul
Zin
The Shining One


Innate Abilities, Weirdness & Mutations

You reflexively headbutt those who attack you in melee.
You have a pair of horns on your head.


Message History

* * * LOW HITPOINT WARNING * * *
The orc hits you.
* * * LOW HITPOINT WARNING * * *
The orc wizard begins to cast a cantrip, but forgets the words!
You feel much better. You block the orc wizard's attack.
The orc hits you but does no damage.
You hit the orc priest. You headbutt the orc priest.
The orc priest is severely wounded.
The orc warrior hits you with a +0 flail!
The orc priest barely misses you.
You hit the orc priest.
You headbutt the orc priest, but do no damage.
The orc priest is almost dead.
The orc wizard hits you but does no damage.
The orc hits you but does no damage.
The orc priest mumbles some strange prayers to Beogh against you.
Pain shoots through your body!
* * * LOW HITPOINT WARNING * * *
The orc warrior hits you with a +0 flail!!
You die...

### #......
#.###############.......
##.##...................
.#.##...................
....#...................
....##........##o.......
....###.......##oo......
.....###.÷.....o@o......
..(.####...)†...........
_.........))........#...
....................# #
.......................
...........<...##......
..............## ...##.# ..
.....##........##......##.
......#..#......###..#.#.##.


You could see an orc warrior, an orc priest, an orc wizard and 2 orcs.

Vanquished Creatures
  Pikel (D:4)
  A hippogriff (D:7)
  A sky beast (D:6)
  3 slaves (D:4)
  4 ogres
  2 centaurs
  A crocodile (D:5)
  A bullfrog (D:6)
  3 scorpions
  4 killer bees (D:6)
  A howler monkey (D:7)
  6 crimson imps
  2 jellies
  A centaur skeleton (D:5)
  An orc priest (D:7)
  4 hounds
  An orc wizard (D:7)
  2 iguanas
  3 worker ants
  A hound skeleton (D:4)
  A howler monkey zombie (D:5)
  A worker ant zombie (D:6)
  10 adders
  A shadow imp (D:5)
  3 oozes
  2 adder zombies (D:5)
  An adder skeleton (D:4)
  3 worms (D:2)
  2 dart slugs
  2 leopard geckos
  5 orcs
  7 bats
  9 giant cockroaches
  8 goblins
  12 hobgoblins
  19 jackals
  2 kobolds
  5 quokkas
  A ball python (D:3)
  A ball python skeleton (D:5)
  7 frilled lizards
  A jackal zombie (D:7)
  5 rats
151 creatures vanquished.

Vanquished Creatures (others)
  A human (D:3)
1 creature vanquished.

Grand Total: 152 creatures vanquished

Notes
Turn   | Place    | Note
-------+----------+-------------------------------------------
     0 | D:1      | Jynx the Minotaur Fighter began the quest for the Orb.
     0 | D:1      | Reached XP level 1. HP: 19/19 MP: 0/0
    44 | D:1      | Reached skill level 3 in Maces & Flails
    84 | D:1      | Reached XP level 2. HP: 14/26 MP: 1/1
   621 | D:1      | You fall into a shaft and drop 1 floor!
   660 | D:2      | Reached skill level 4 in Maces & Flails
   713 | D:2      | Reached XP level 3. HP: 26/31 MP: 2/2
   716 | D:2      | Reached skill level 5 in Maces & Flails
   870 | D:2      | Reached XP level 4. HP: 39/39 MP: 3/3
   982 | D:2      | You fall into a shaft and drop 1 floor!
  1142 | D:3      | Found an ancient bone altar of Kikubaaqudgha.
  1142 | D:3      | Noticed a human
  1146 | D:3      | Killed a human
  1329 | D:1      | Reached skill level 6 in Maces & Flails
  1964 | D:2      | Reached XP level 5. HP: 45/45 MP: 4/4
  2072 | D:2      | Found an ornate altar of the Wu Jian Council.
  2708 | D:3      | Reached skill level 7 in Maces & Flails
  2890 | D:4      | Noticed an ogre
  2992 | D:3      | Killed an ogre
  2992 | D:3      | Reached XP level 6. HP: 35/51 MP: 5/5
  3095 | D:4      | Reached skill level 8 in Maces & Flails
  3170 | D:4      | Found a shattered altar of Ashenzari.
  3533 | D:4      | Noticed a slave
  3533 | D:4      | Noticed a slave
  3538 | D:4      | Noticed a slave
  3539 | D:4      | Noticed a slave
  3545 | D:4      | Noticed Pikel
  3549 | D:4      | Killed a slave
  3564 | D:4      | Killed a slave
  3570 | D:4      | Killed a slave
  3582 | D:4      | Killed Pikel
  3582 | D:4      | Reached skill level 10 in Maces & Flails
  3582 | D:4      | Reached XP level 7. HP: 34/57 MP: 6/6
  3696 | D:4      | HP: 2/57 [ogre/cursed -1 giant spiked club (12)]
  3697 | D:4      | Reached skill level 11 in Maces & Flails
  4101 | D:5      | Entered Level 5 of the Dungeon
  4151 | D:5      | Reached XP level 8. HP: 58/64 MP: 7/7
  4550 | D:5      | Reached skill level 12 in Maces & Flails
  5194 | D:5      | Found a sparkling altar of Nemelex Xobeh.
  5799 | D:6      | Found a staircase to the Ecumenical Temple.
  5808 | Temple   | Entered the Ecumenical Temple
  5920 | Temple   | Became a worshipper of Warmaster Okawaru
  6026 | D:6      | Got a jewelled cloak
  6037 | D:6      | Identified the cursed +0 cloak of Teogiss {rPois} (You
                  | found it on level 6 of the Dungeon)
  6128 | D:6      | Reached skill level 13 in Maces & Flails
  6715 | D:7      | Found a stormy altar of Qazlal.
  6737 | D:6      | Reached skill level 5 in Shields
  6742 | D:6      | Reached * piety under Okawaru
  6742 | D:6      | Reached XP level 9. HP: 31/70 MP: 8/8
  7661 | D:7      | Slain by an orc warrior

Levels and vault maps discovered:
D:1:      dpeg_arrival_yet_another_circle, layout_basic
D:2:      layout_loops_ring, lemuel_round_altar
D:3:      layout_basic, first_ration, minivault_4, tgw_kikubaaqudgha
D:4:      layout_basic, nicolae_ashenzari_panopticon, uniq_pikel
D:5:      layout_layer_cave, nemelex_lonely_heart_becter
D:6:      layout_cave_pods, minmay_temple_entry_arrows, serial_rivers,
          chequers_serial_rivers_micro_c, chequers_serial_rivers_micro_a,
          chequers_serial_rivers_room_a, chequers_serial_rivers_micro_a,
          chequers_serial_rivers_micro_e, chequers_serial_rivers_micro_c
D:7:      layout_cave_pools, basic_altar, elyvilon_altar_3
Temple:   kilobyte_greek_temple

Skill      XL: |  1  2  3  4  5  6  7  8  9 |
---------------+----------------------------+-----
Maces & Flails | 3 4 5 6 7 10 11 13 | 13.9
Shields        | 5 6 |  6.0
Fighting       | |  3.6
Armour         | |  3.6

Action                   |  1- 3 |  4- 6 |  7- 9 || total
-------------------------+-------+-------+-------++-------
Melee: Flail             |    51 |   161 |   268 ||   480
       Headbutt          |     5 |    27 |    53 ||    85
Invok: Heroism           |       |       |     1 ||     1
  Use: Scroll            |       |    10 |     4 ||    14
       Potion            |       |     3 |     1 ||     4
  Eat: Chunk             |       |     8 |    13 ||    21
Armor: Scale mail        |    28 |    58 |   106 ||   192
Dodge: Dodged            |    34 |    80 |    66 ||   180
Block: Shield            |       |       |    74 ||    74
